[Event "Late-Titled-Tuesday-Blitz-June-04-2024"]
[Site "Chess.com"]
[Date "2024.06.04"]
[Round "11"]
[White "Love7Unicorn"]
[Black "Meri-Arabidze"]
[Result "0-1"]
[WhiteElo "2561"]
[BlackElo "2685"]
[TimeControl "180+1"]
[EndTime "16:04:39 PDT"]
[Termination "Meri-Arabidze won on time"]

1. d4 Nf6 2. c4 e6 3. g3 Bb4+ 4. Nd2 O-O 5. Bg2 d5 6. Nf3 b6 7. cxd5 exd5 8. O-O Bb7 9. Ne5 c6 10.
a3 Bd6 11. e4 h6 12. exd5 Nxd5 13. Ne4 Bc7 14. Nf3 Nd7 15. Re1 N7f6 16. Nxf6+ Qxf6 17. Bd2 Rad8 18. Qc2 Bd6 19. b4 b5 20. Ne5 Bc7 21.
Rad1 Bb6 22. Bc1 Qd6 23. Kh1 a5 24. bxa5 Bxa5 25. Rf1 Bb6 26. Be4 c5 27. dxc5 Bxc5 28. Qb1 Qxe5 29. Bh7+ Kh8 30. Be4 Nc3 0-1

[Event "Late-Titled-Tuesday-Blitz-June-04-2024"]
[Site "Chess.com"]
[Date "2024.06.04"]
[Round "11"]
[White "AldokhinIvan"]
[Black "Chigorinetz"]
[Result "1-0"]
[WhiteElo "2659"]
[BlackElo "2557"]
[TimeControl "180+1"]
[EndTime "16:04:39 PDT"]
[Termination "AldokhinIvan won by resignation"]

1. e4 c5 2. Nf3 Nc6 3. d4 cxd4 4. Nxd4 g6 5. Nc3 Bg7 6. Be3 Nf6 7. Bc4 O-O 8. Bb3 d6 9. h3 Bd7 10. O-O Rc8 11.
f4 Qa5 12. Nf3 Rfd8 13. Qe1 Be8 14. g4 b5 15. Qh4 b4 16. Nd5 Nxe4 17. Nxe7+ Nxe7 18.
Qxe7 d5 19. Ne5 a6 20. Rad1 Bf6 21. Qa7 Ng3 22. Rf3 Ne2+ 23. Kf2 Nxf4 24. Bxf4 d4 25. Nxf7 Bh4+ 26. Kg1 Qc5 27. Ng5+ 1-0

[Event "Late-Titled-Tuesday-Blitz-June-04-2024"]
[Site "Chess.com"]
[Date "2024.06.04"]
[Round "11"]
[White "Agustin_Meza"]
[Black "IngOscarArdila"]
[Result "1/2-1/2"]
[WhiteElo "2197"]
[BlackElo "2288"]
[TimeControl "180+1"]
[EndTime "16:04:41 PDT"]
[Termination "Game drawn by repetition"]

1. e4 e5 2. Nf3 Nf6 3. Nxe5 d6 4. Nf3 Nxe4 5. d4 Be7 6. Bd3 d5 7. c4 Nc6 8. cxd5 Qxd5 9. Qe2 Bf5 10. O-O O-O 11.
Bxe4 Qxe4 12. Qc4 Qd3 13. Qxd3 Bxd3 14. Re1 Bf6 15. Be3 Nb4 16. Na3 Rad8 17. Rad1 Be4 18.
Ne5 Bd5 19. Rc1 c6 20. Bd2 a5 21. Bxb4 axb4 22. Nac4 Rfe8 23. h3 Ra8 24. Nb6 Rxa2 25. Nxd5 cxd5 26. Nd7 Rxe1+ 27. Rxe1 h6 28. Re8+ Kh7 29.
Nf8+ Kg8 30. Ng6+ Kh7 31. Nf8+ Kg8 32. Ng6+ Kh7 33. Nf8+ 1/2-1/2

[Event "Late-Titled-Tuesday-Blitz-June-04-2024"]
[Site "Chess.com"]
[Date "2024.06.04"]
[Round "11"]
[White "Engima32"]
[Black "xasid81"]
[Result "0-1"]
[WhiteElo "2477"]
[BlackElo "2626"]
[TimeControl "180+1"]
[EndTime "16:04:42 PDT"]
[Termination "xasid81 won by resignation"]

1. d4 a6 2. Nf3 e6 3. g3 d5 4. Bg2 Nf6 5. O-O Be7 6. c4 O-O 7. Qc2 b6 8. Ne5 Bb7 9. Nc3 Nc6 10. Bg5 Nxd4 11. Qa4 c5 12. e3 b5 13. Qd1 Nc6 14. Nxc6 Bxc6 15. cxd5 exd5 16. Nxd5 Bxd5 17. Bxf6 Bxg2 18.
Bxe7 Qxe7 19. Kxg2 Rfd8 20. Qf3 Rac8 21. Rac1 c4 22. Rfd1 Rxd1 23. Rxd1 g6 24. Qd5 Qc5 25. Qxc5 Rxc5 26. Rd6 a5 27. Ra6 b4 28. Rd6 c3 29.
bxc3 Rxc3 30. Rd2 Kg7 31. Kf3 Ra3 32. Ke4 Kf6 33. f4 Ke6 34. Kd4 Ra4 35. Kc4 f5 36.
Kc5 Ra3 37. Kb5 h5 38. Rd4 Rxa2 39. e4 b3 40. exf5+ gxf5 41. Rd1 b2 42. Re1+ Kf6 43. Rb1 a4 44. Kb4 a3 45. Kb3 Ra1 46. Kc2 Rxb1 47. Kxb1 h4 48. gxh4 Kg6 49. h5+ Kxh5 50. h4 Kxh4 51.
Ka2 Kg4 52. Kxa3 Kxf4 53. Kxb2 Ke3 54. Kc2 Ke2 55. Kc3 f4 56. Kd4 f3 57. Ke4 f2 58.
Ke5 f1=Q 59. Ke6 Qf3 60. Ke7 Qe3+ 61. Kd8 Kf3 62. Kc7 Qf4+ 63. Kb6 Qe4 0-1

[Event "Late-Titled-Tuesday-Blitz-June-04-2024"]
[Site "Chess.com"]
[Date "2024.06.04"]
[Round "11"]
[White "rionelG"]
[Black "Der_Honigdachs"]
[Result "1-0"]
[WhiteElo "2329"]
[BlackElo "2496"]
[TimeControl "180+1"]
[EndTime "16:04:47 PDT"]
[Termination "rionelG won by resignation"]

1. e4 d5 2. exd5 Qxd5 3. Nc3 Qd6 4. g3 Nf6 5. Bg2 c6 6. d4 Bf5 7. Bf4 Qb4 8. Rb1 e6 9. Ne2 h6 10. O-O Nbd7 11. a3 Qa5 12. Re1 Be7 13. Qc1 O-O 14. b4 Qd8 15. Na4 a5 16. Nc5 axb4 17. Nxb7 Qb6 18.
Nd6 Rxa3 19. Nc4 Qa6 20. Nxa3 bxa3 21. Ra1 Nd5 22. c4 N5b6 23. c5 Nd5 24. Qxa3 Qc4 25. Rac1 Qb5 26. Ra1 g5 27. Be3 Bf6 28. Nc3 Nxc3 29.
Qxc3 Rb8 30. Ra5 Qb7 31. Rea1 e5 32. Ra7 Qb1+ 33. Rxb1 Rxb1+ 34. Bf1 Bh3 35. Bc1 exd4 36. Qc2 Bf5 37. Qxf5 Rxc1 38. Qxd7 Rxf1+ 39. Kxf1 1-0

[Event "Late-Titled-Tuesday-Blitz-June-04-2024"]
[Site "Chess.com"]
[Date "2024.06.04"]
[Round "11"]
[White "lluiss"]
[Black "Onthequiet"]
[Result "0-1"]
[WhiteElo "2206"]
[BlackElo "2385"]
[TimeControl "180+1"]
[EndTime "16:04:51 PDT"]
[Termination "Onthequiet won on time"]

1. Nf3 d5 2. d4 Nf6 3. c4 e6 4.
cxd5 exd5 5. Nc3 c6 6. Qc2 Be7 7. Bg5 Nbd7 8. e3 Nh5 9. Bxe7 Qxe7 10. Be2 Nb6 11. O-O g6 12. Ne5 Ng7 13. Bd3 O-O 14.
Rae1 Bf5 15. f3 Bxd3 16. Nxd3 Nf5 17. Nd1 Rfe8 18. Re2 Nxd4 19. exd4 Qxe2 20. Rf2 Qxc2 21. Rxc2 Nc4 22. Kf2 Nd6 23. Nc5 Re7 24. Nc3 Rae8 25. b3 a6 26. a4 a5 27. Rd2 f5 28. Nd3 Nf7 29. f4 Nd6 30. Ne5 Ne4+ 31. Nxe4 dxe4 32. Rc2 Rd8 33. Ke3 Rd5 34. Nc4 c5 35. dxc5 Rxc5 36. Rd2 b5 37. Rd8+ Kg7 38. axb5 Rxb5 39. Nd2 Rc7 0-1

[Event "Late-Titled-Tuesday-Blitz-June-04-2024"]
[Site "Chess.com"]
[Date "2024.06.04"]
[Round "11"]
[White "meme0105"]
[Black "Darkbluelord"]
[Result "1-0"]
[WhiteElo "1984"]
[BlackElo "2114"]
[TimeControl "180+1"]
[EndTime "16:04:51 PDT"]
[Termination "meme0105 won by resignation"]

1. e4 c5 2. b4 cxb4 3. a3 d5 4. exd5 Qxd5 5. Nf3 e5 6. Bb2 Nf6 7. Qe2 Nc6 8. Nxe5 Be6 9. axb4 Bxb4 10. c4 Qd6 11.
Nxc6 Qxc6 12. Bc3 Be7 13. Na3 O-O 14. Nb5 Ne4 15. Bb2 Bc5 16. d4 Bb4+ 17. Kd1 a6 18. d5 Qd7 19. Qxe4 Bf5 20. Qd4 f6 21. Nc3 Rac8 22. Ba3 Bxc3 23. Qxc3 Qa4+ 24. Kd2 Rfd8 25. Be7 Rxd5+ 26. cxd5 Rxc3 27. Rxa4 Rc2+ 28. Ke3 Kf7 1-0

[Event "Late-Titled-Tuesday-Blitz-June-04-2024"]
[Site "Chess.com"]
[Date "2024.06.04"]
[Round "11"]
[White "rdarruda"]
[Black "emeli_chess"]
[Result "1-0"]
[WhiteElo "2515"]
[BlackElo "2355"]
[TimeControl "180+1"]
[EndTime "16:04:55 PDT"]
[Termination "rdarruda won by resignation"]

1. d4 Nf6 2. Nf3 d5 3. c4 e6 4. e3 Be7 5. Nc3 O-O 6. Bd3 dxc4 7. Bxc4 Nc6 8. O-O Bd6 9. e4 e5 10. dxe5 Nxe5 11. Nxe5 Bxe5 12. f3 c6 13. Qxd8 Rxd8 14. Be3 Be6 15. Bxe6 fxe6 16. Rad1 Bxc3 17. bxc3 e5 18.
Kf2 Kf7 19. Ke2 Ke6 20. a3 b6 21. g4 c5 22. a4 Rd7 23. h4 Rad8 24. Rxd7 Rxd7 25.
h5 c4 26. a5 b5 27. a6 Rd3 28. Rc1 Rd7 29. Rb1 Rd3 30. Bxa7 Rxc3 31. Ra1 Ne8 32. Bb8 b4 33. a7 b3 34. a8=Q b2 35. Rb1 Rc2+ 36.
Ke3 c3 37. Qd5+ Ke7 38. Bxe5 Rd2 39. Qxd2 1-0

[Event "Late-Titled-Tuesday-Blitz-June-04-2024"]
[Site "Chess.com"]
[Date "2024.06.04"]
[Round "11"]
[White "JSPrepz"]
[Black "zverr1"]
[Result "1-0"]
[WhiteElo "2850"]
[BlackElo "2633"]
[TimeControl "180+1"]
[EndTime "16:04:56 PDT"]
[Termination "JSPrepz won on time"]

1. e4 c6 2. d4 d5 3. Nd2 dxe4 4. Nxe4 Nf6 5. Nxf6+ exf6 6. Bd3 Qxd4 7. Nf3 Qd8 8.
O-O Be7 9. Re1 O-O 10. Bf4 g6 11.
Bc4 Qxd1 12. Raxd1 Bc5 13. Bh6 Bd7 14. Bxf8 Kxf8 15.
c3 a5 16. a4 b5 17. axb5 cxb5 18. Rd5 Bxf2+ 19. Kxf2 bxc4 20. Ra1 Ra7 21. Raxa5 Rb7 22.
Ra8 Ke7 23. Rd2 Be6 24. Nd4 f5 25. Rxb8 1-0

[Event "Late-Titled-Tuesday-Blitz-June-04-2024"]
[Site "Chess.com"]
[Date "2024.06.04"]
[Round "11"]
[White "janhelmer03"]
[Black "malti"]
[Result "1-0"]
[WhiteElo "2368"]
[BlackElo "2132"]
[TimeControl "180+1"]
[EndTime "16:05:00 PDT"]
[Termination "janhelmer03 won by checkmate"]

1. Nf3 g6 2. c4 Bg7 3. Nc3 f5 4. e4 fxe4 5. Nxe4 Nf6 6. Ng3 O-O 7. d4 d6 8. Be3 Nc6 9. Bd3 Ng4 10. O-O e5 11. d5 Nxe3 12. fxe3 Ne7 13. Ng5 h6 14.
Rxf8+ Qxf8 15. N5e4 Nf5 16. Qe2 Qe7 17. Rf1 Bd7 18.
Nxf5 gxf5 19. Ng3 e4 20. Bb1 Qg5 21. Qf2 Rf8 22. b3 Be5 23. Nxe4 Qg7 24. Ng3 f4 25. Nh5 fxe3 26. Qxf8+ Qxf8 27. Bh7+ Kh8 28. Rxf8+ Kxh7 29. Rf7+ Kg6 30. Rxd7 Kxh5 31. Kf1 Bxh2 32. Ke2 Bf4 33.
Rxc7 Kg4 34. Rxb7 Kg3 35. Rg7+ Bg5 36. Rxg5+ hxg5 37. c5 Kxg2 38. cxd6 g4 39. d7 g3 40. d8=Q Kg1 41. Qg5 g2 42. Kf3 Kf1 43. Qxg2+ Ke1 44. Qe2# 1-0

[Event "Late-Titled-Tuesday-Blitz-June-04-2024"]
[Site "Chess.com"]
[Date "2024.06.04"]
[Round "11"]
[White "GlavkonVVS"]
[Black "Zampronha1971"]
[Result "1-0"]
[WhiteElo "2549"]
[BlackElo "2421"]
[TimeControl "180+1"]
[EndTime "16:05:09 PDT"]
[Termination "GlavkonVVS won by resignation"]

1. c4 Nf6 2. Nc3 e6 3. g3 d5 4. Bg2 d4 5. Na4 c5 6. Nf3 Nc6 7. O-O Bd6 8. d3 O-O 9. e3 e5 10. exd4 exd4 11. Bg5 h6 12. Bxf6 Qxf6 13. Nd2 Qd8 14. Ne4 Be7 15. Nexc5 Bxc5 16. Nxc5 Qb6 17. Na4 Qa5 18. a3 Bf5 19. b4 Qd8 20. Nc5 Qc7 21.
f4 a5 22. b5 Nd8 23. Ne4 Rc8 24. Re1 Ne6 25. Qd2 b6 26. Qf2 Rfd8 27. Rad1 Qe7 28. Qb2 Qc7 29. Nf2 Nc5 30. Re5 Bg6 31. Bd5 Kh7 32.
Qxd4 f6 33. Ree1 Nb3 34. Qc3 a4 35. Qb4 Rxd5 36. cxd5 Qd7 37. d6 Rc2 38. Re7 Qc8 39.
d7 Qb7 40. Rxg7+ Kxg7 41. Qe7+ Bf7 42. d8=Q Qf3 43. Qxf6+ 1-0

[Event "Late-Titled-Tuesday-Blitz-June-04-2024"]
[Site "Chess.com"]
[Date "2024.06.04"]
[Round "11"]
[White "Smoking_Crow"]
[Black "Stanbad1"]
[Result "1-0"]
[WhiteElo "2577"]
[BlackElo "2659"]
[TimeControl "180+1"]
[EndTime "16:05:14 PDT"]
[Termination "Smoking_Crow won by resignation"]

1. e4 e6 2. d4 d5 3. Nd2 Nf6 4.
e5 Nfd7 5. Bd3 c5 6. c3 Nc6 7.
Ne2 cxd4 8. cxd4 f6 9. exf6 Nxf6 10. Nf3 Bd6 11. O-O O-O 12. Bg5 Qb6 13. Nc3 Bd7 14.
a3 Be8 15. Re1 Bh5 16. Rxe6 Nxd4 17. Bxf6 Nxf3+ 18. gxf3 Bxh2+ 19. Kxh2 Qxe6 20. Nxd5 Rxf6 21. Nxf6+ Qxf6 22. Be4 Re8 23. Qd5+ Bf7 24. Qxb7 h5 25. Rg1 Qe5+ 26. Kh1 Rb8 27. Qd7 Qxb2 28. Qxa7 Qe5 29.
Qe3 Re8 30. Rg5 Qf6 31. a4 Qa1+ 32. Kh2 Qxa4 33. Qc3 g6 34. Qf6 Rxe4 35. Rxg6+ Kf8 36. fxe4 Qxe4 37. Rh6 Ke8 38. Rh8+ 1-0

[Event "Late-Titled-Tuesday-Blitz-June-04-2024"]
[Site "Chess.com"]
[Date "2024.06.04"]
[Round "11"]
[White "Rutricks"]
[Black "artin10862"]
[Result "0-1"]
[WhiteElo "2693"]
[BlackElo "2941"]
[TimeControl "180+1"]
[EndTime "16:05:24 PDT"]
[Termination "artin10862 won by resignation"]

1. Nc3 Na6 2. Nf3 c6 3. e4 d5 4. Bxa6 bxa6 5. Qe2 e6 6. O-O Nf6 7. Ne5 d4 8. Nb1 c5 9. d3 Be7 10. f4 O-O 11. Nc6 Qc7 12. Nxe7+ Qxe7 13. Na3 a5 14. b3 Ba6 15. Bd2 a4 16. Nc4 Bxc4 17.
bxc4 Rab8 18. Rab1 a6 19. e5 Nd7 20. Ba5 Rxb1 21.
Rxb1 Rb8 22. Qe1 g5 23. Rxb8+ Nxb8 24. Qg3 Nc6 25. Bd2 Kf8 26. Qh3 Qb7 27. Qh6+ Ke8 28.
Qxg5 Qb1+ 29. Kf2 Qxc2 30. Ke2 Nb4 31. Qg8+ Ke7 32. Qxh7 Nxa2 33. Qh4+ Kd7 34. Qh7 Nc1+ 35. Kf3 Qxd3+ 36. Qxd3 Nxd3 37. h4 Nb2 38. h5 Ke8 39. f5 Kf8 40. Bc1 Nxc4 41. f6 a3 42. Bxa3 Nxa3 43.
g4 Nc4 44. g5 Nxe5+ 45. Ke4 Nd7 0-1

[Event "Late-Titled-Tuesday-Blitz-June-04-2024"]
[Site "Chess.com"]
[Date "2024.06.04"]
[Round "11"]
[White "giovannibrandao7"]
[Black "HeinichessPY"]
[Result "1-0"]
[WhiteElo "2357"]
[BlackElo "2268"]
[TimeControl "180+1"]
[EndTime "16:05:25 PDT"]
[Termination "giovannibrandao7 won by resignation"]

1. e4 c5 2. Nf3 Nc6 3. Bb5 g6 4. O-O Bg7 5. Re1 e5 6. Nc3 Nge7 7.
Nd5 O-O 8. a3 a6 9. Bc4 Nd4 10.
Nxd4 cxd4 11. d3 b5 12. Ba2 Bb7 13. Nxe7+ Qxe7 14. f4 d6 15. Rf1 exf4 16. Bxf4 Be5 17.
Qf3 Kh8 18. Qf2 f5 19. Bh6 Bg7 20. Bxg7+ Qxg7 21. exf5 Rxf5 22. Qg3 Qe5 23. Rxf5 gxf5 24. Re1 Qxg3 25. hxg3 Rc8 26. Bb3 Rc7 27. Re8+ Kg7 28. Rd8 d5 29. Bxd5 Bxd5 30. Rxd5 Rxc2 31. Rxd4 Rxb2 32.
Rd7+ Kf6 33. Rd6+ Ke5 34. Rxa6 Rb3 35. Ra7 Rxd3 36. Kh2 h5 37. Rb7 Rb3 38. Kh3 f4 39.
Kh4 Rxg3 40. Rxb5+ Ke4 41. Rb4+ Kf5 42. Kxh5 Rxg2 43. Kh4 f3 44. Kh3 Re2 45. Kg3 f2 46.
Rf4+ Kg5 47. Rxf2 Ra2 48. Rxa2 1-0

[Event "Late-Titled-Tuesday-Blitz-June-04-2024"]
[Site "Chess.com"]
[Date "2024.06.04"]
[Round "11"]
[White "Timurist"]
[Black "RantomOpening"]
[Result "0-1"]
[WhiteElo "2337"]
[BlackElo "2540"]
[TimeControl "180+1"]
[EndTime "16:05:26 PDT"]
[Termination "RantomOpening won on time"]

1. e4 g6 2. h4 h6 3. d4 c5 4.
Be3 Bg7 5. Nc3 Qa5 6. Qd2 Nc6 7. Nge2 cxd4 8. Nxd4 Nf6 9. f3 d6 10. Bc4 Bd7 11.
O-O Rc8 12. Bb3 Qh5 13. Qf2 g5 14. g4 Bxg4 15. Nxc6 bxc6 16. fxg4 Qxg4+ 17. Kh1 Qh3+ 18. Kg1 gxh4 19. Qf3 Qd7 20. e5 dxe5 21. Ne4 Rg8 22. Kh1 Rf8 23. Rad1 Qc7 24. Bc5 Nd5 25. Bxd5 cxd5 26.
Rxd5 Qc6 27. Rfd1 f5 28. Qh5+ Rf7 29. Nc3 e6 0-1

[Event "Late-Titled-Tuesday-Blitz-June-04-2024"]
[Site "Chess.com"]
[Date "2024.06.04"]
[Round "11"]
[White "AlphaPerseii"]
[Black "ChempionBg"]
[Result "1-0"]
[WhiteElo "2358"]
[BlackElo "2251"]
[TimeControl "180+1"]
[EndTime "16:05:27 PDT"]
[Termination "AlphaPerseii won on time"]

1. Nf3 Nf6 2. g3 b6 3. Bg2 Bb7 4. d3 c5 5. e4 g6 6. O-O Bg7 7. a4 O-O 8. Nbd2 d5 9. e5 Nfd7 10. Re1 e6 11. c3 Nc6 12. d4 cxd4 13. cxd4 Rc8 14. Nb1 Nb4 15. Nc3 Ba6 16. Bg5 Qe8 17.
Qd2 f6 18. exf6 Nxf6 19. Ne5 Nd7 20. Ng4 h5 21. Ne3 Nd3 22. Rf1 Bxd4 23. Nb5 Bxb5 24. axb5 N7e5 25. Rxa7 Qxb5 26. Bh6 Rf3 27. Rg7+ Kh8 28.
Re7 Bc5 29. Rxe6 Qd7 30. Rxg6 1-0

[Event "Late-Titled-Tuesday-Blitz-June-04-2024"]
[Site "Chess.com"]
[Date "2024.06.04"]
[Round "11"]
[White "jbking07"]
[Black "gamboajp"]
[Result "1-0"]
[WhiteElo "2348"]
[BlackElo "2111"]
[TimeControl "180+1"]
[EndTime "16:05:30 PDT"]
[Termination "jbking07 won on time"]

1. e4 e6 2. d4 d5 3. Nc3 Bb4 4. e5 Ne7 5. a3 Bxc3+ 6. bxc3 c5 7. h4 Qc7 8. Rh3 b6 9. h5 h6 10. Qg4 cxd4 11. cxd4 Qxc2 12. Qxg7 Rh7 13. Qg4 Qe4+ 14. Qxe4 dxe4 15. Rh4 Bb7 16. Bb5+ Kf8 17. Ne2 Nf5 18. Rg4 a6 19. Ba4 b5 20. Bc2 Nd7 21. Bd2 a5 22. Rb1 Bc6 23. Bxe4 Bxe4 24. Rxe4 Rb8 25. Bxa5 Rg7 26. g3 Rg5 27. Kd2 Rxh5 28. g4 Rh4 29. f3 Ne7 30. Nf4 Nd5 31. Nxd5 exd5 32. Ree1 Rh2+ 33. Re2 Rh3 34. Ke3 h5 35. gxh5 Rxh5 36.
Rc2 Ke7 37. Rc7 Ke6 38. Rbc1 1-0

[Event "Late-Titled-Tuesday-Blitz-June-04-2024"]
[Site "Chess.com"]
[Date "2024.06.04"]
[Round "11"]
[White "Navyblue1"]
[Black "Felix-Rose"]
[Result "0-1"]
[WhiteElo "2195"]
[BlackElo "2319"]
[TimeControl "180+1"]
[EndTime "16:05:31 PDT"]
[Termination "Felix-Rose won by resignation"]

1. d4 d5 2. c4 e6 3. Nc3 Nf6 4. Bg5 Be7 5. e3 Nbd7 6. Nf3 h6 7. Bh4 O-O 8. Rc1 c6 9. Be2 dxc4 10. Bxc4 b5 11.
Be2 Bb7 12. O-O a6 13. Qc2 c5 14. dxc5 Nxc5 15. Rfd1 Qb6 16. Ne5 Rac8 17. a3 Nce4 18. Bxf6 Nxf6 19. Qb3 Rfd8 20. h3 Rxd1+ 21. Rxd1 Nd5 22.
Nxd5 Bxd5 23. Qd3 Qb7 24. Bf3 Bxf3 25. Nxf3 Bf6 26. b4 Qc7 27. Nd4 Qc3 28. Ne2 Qb2 29. Ng3 Rc2 30. Ne4 Rc8 31. Qd7 Rc1 32. Nxf6+ gxf6 33. Rxc1 Qxc1+ 34. Kh2 Qxa3 35. Qc8+ Kg7 36. Qb7 Qxb4 37. Qxa6 Qc5 38. Qb7 b4 39. Qe4 Qe5+ 40.
Qxe5 fxe5 41. Kg3 b3 42. Kf3 b2 43. Ke2 b1=Q 0-1

[Event "Late-Titled-Tuesday-Blitz-June-04-2024"]
[Site "Chess.com"]
[Date "2024.06.04"]
[Round "11"]
[White "Harry_Rakkel"]
[Black "The_Straightforward_Rook"]
[Result "0-1"]
[WhiteElo "2668"]
[BlackElo "2557"]
[TimeControl "180+1"]
[EndTime "16:05:32 PDT"]
[Termination "The_Straightforward_Rook won on time"]

1. e4 e6 2. d3 d5 3. Nd2 Nf6 4.
Ngf3 Nc6 5. a3 dxe4 6. dxe4 e5 7. Bb5 Bc5 8. O-O Bg4 9. h3 Bh5 10. g4 Nxg4 11. hxg4 Bxg4 12. b4 Bd4 13. c3 Bxc3 14.
Qc2 Bxa1 15. Bxc6+ bxc6 16. Qxc6+ Kf8 17. Nh2 Bh3 18.
Ndf3 Bxf1 19. Kxf1 h6 20. Ng4 Bd4 21. Ne3 g6 22.
Nd5 a5 23. b5 Kg7 24. Nxd4 exd4 25. Bb2 Re8 26. Bxd4+ Kf8 27. f3 Re6 28. Qc1 g5 29. Qc3 Rc8 30. Qxa5 c6 31. Qb4+ Kg8 32. bxc6 Rcxc6 0-1

[Event "Late-Titled-Tuesday-Blitz-June-04-2024"]
[Site "Chess.com"]
[Date "2024.06.04"]
[Round "11"]
[White "StellarChess"]
[Black "lamomiajunior"]
[Result "0-1"]
[WhiteElo "2547"]
[BlackElo "2735"]
[TimeControl "180+1"]
[EndTime "16:05:33 PDT"]
[Termination "lamomiajunior won by resignation"]

1. d4 Nf6 2. Bg5 c5 3. Bxf6 gxf6 4. d5 d6 5. e3 h5 6. Ne2 h4 7. Nf4 Nd7 8. Nd2 a6 9. a4 Ne5 10. Nc4 Bg7 11. c3 Bd7 12. a5 Nxc4 13. Bxc4 f5 14. Qc2 Be5 15. Bd3 Qc8 16. b3 Rh6 17. O-O Kf8 18. Kh1 Kg7 19. Bc4 Qg8 20. Rac1 Kh8 21. Qe2 Qg5 22. Qf3 Rg8 23. Bd3 Qg7 24. h3 Bxc3 25.
Ne2 Be5 26. Rg1 e6 27. Nf4 Bxf4 28. Qxf4 e5 29. Qh2 Qf6 30. Bc4 Rg5 31. f4 Rg3 32. fxe5 Qxe5 33. Rce1 Rhg6 34. Rgf1 Kg7 35. e4 f4 36. Rf2 Rf6 37. Rf3 Qg5 38. Bf1 Rg6 39. Rxg3 hxg3 40. Qg1 Qe5 41. Be2 Rh6 42. Bf3 Bxh3 43.
gxh3 Rxh3+ 44. Kg2 Rh2+ 45. Qxh2 gxh2 46. Kxh2 Qb2+ 47.
Kh1 Qxb3 48. Kg2 Qb2+ 49. Re2 Qc3 50. e5 dxe5 51. d6 Qd4 52. Be4 Qxd6 53. Kf3 Qd4 54. Rg2+ Kf6 55. Bxb7 Qe3+ 56. Kg4 e4 57. Bxa6 Qf3+ 0-1

[Event "Late-Titled-Tuesday-Blitz-June-04-2024"]
[Site "Chess.com"]
[Date "2024.06.04"]
[Round "11"]
[White "dolynachess"]
[Black "Hirna2005"]
[Result "1-0"]
[WhiteElo "2507"]
[BlackElo "2340"]
[TimeControl "180+1"]
[EndTime "16:05:33 PDT"]
[Termination "dolynachess won by resignation"]

1. d4 g6 2. c4 Bg7 3. Nc3 d6 4. Nf3 Bg4 5. e3 Nc6 6. Be2 Nf6 7. O-O O-O 8. a3 e5 9. b4 exd4 10. exd4 Nd7 11. Be3 Re8 12. h3 Bxf3 13. Bxf3 Nb6 14. Qd3 Rb8 15. Rab1 Ne7 16. g4 c6 17. Rfe1 d5 18. c5 Nc4 19. Bf4 Ra8 20. a4 a6 21.
Kg2 Qd7 22. Re2 Kf8 23. Rbe1 Ng8 24. b5 axb5 25. axb5 Rxe2 26. Rxe2 Re8 27. Rxe8+ Kxe8 28. Na4 Ne7 29. bxc6 bxc6 30. Nb6 Nxb6 31. cxb6 Qb7 32.
Bc7 Nc8 33. Qe3+ Kf8 34. Be2 Bf6 35. Qb3 Bxd4 36. Qb4+ c5 37. Qb5 Kg7 38. Bf3 Kf6 39.
Qd7 Nxb6 40. Bd8+ Kg7 41. Qxb7 Nc4 42. Bxd5 Ne5 43. g5 c4 44. Bf6+ 1-0

[Event "Late-Titled-Tuesday-Blitz-June-04-2024"]
[Site "Chess.com"]
[Date "2024.06.04"]
[Round "11"]
[White "cassoulet"]
[Black "rasmussvane"]
[Result "0-1"]
[WhiteElo "2766"]
[BlackElo "2925"]
[TimeControl "180+1"]
[EndTime "16:05:34 PDT"]
[Termination "rasmussvane won by resignation"]

1. d4 Nf6 2. Bg5 d5 3. Bxf6 exf6 4. e3 Bd6 5. g3 O-O 6. Bg2 c6 7. Nd2 Be6 8. Ne2 Nd7 9. O-O Re8 10. Rc1 Nb6 11. c3 a5 12. b3 Ba3 13. Nf4 Bxc1 14. Qxc1 a4 15. b4 Nc8 16. a3 Nd6 17. Nd3 Bf5 18.
Nf4 g5 19. Ne2 Bd3 20. Re1 f5 21. Qd1 Qf6 22. Nc1 Bb5 23. Nf3 Nc4 24. Nd3 Nxa3 25. Nc5 b6 26. Nd7 Qd8 27. Nde5 Nc4 28. Qc2 Nxe5 29.
Nxe5 f6 30. Nf3 Qd7 31. Nd2 a3 32. Ra1 Ra6 33. Bh3 g4 34. Bf1 Rea8 35. Ra2 Bxf1 36. Kxf1 Qe6 37. Kg2 Kg7 38. Qd3 h5 39. Kg1 b5 40. Qc2 R6a7 41. Qc1 Kg6 42. Kg2 h4 43. gxh4 Rh8 44. Rxa3 Rah7 45. Qb1 Rxh4 46. Nf1 Qd6 47. Ng3 Rxh2+ 48. Kg1 Rh1+ 49. Nxh1 Qh2+ 50. Kf1 Qxh1+ 0-1

[Event "Late-Titled-Tuesday-Blitz-June-04-2024"]
[Site "Chess.com"]
[Date "2024.06.04"]
[Round "11"]
[White "maurovargas01"]
[Black "cthake"]
[Result "0-1"]
[WhiteElo "1900"]
[BlackElo "1767"]
[TimeControl "180+1"]
[EndTime "16:05:35 PDT"]
[Termination "cthake won by resignation"]

1. e4 e6 2. Nc3 d5 3. e5 c5 4. f4 Nc6 5. Nf3 Bd7 6. g4 Nge7 7.
Bg2 Ng6 8. d3 Nh4 9. O-O Nxg2 10. Kxg2 h5 11. g5 g6 12. h4 Ne7 13. Ne2 Nf5 14. Ng3 Nxg3 15. Kxg3 b5 16. Bd2 a5 17. Qe1 a4 18. a3 Be7 19. b4 Qc7 20. c4 bxc4 21. dxc4 O-O 22. cxd5 exd5 23. bxc5 Bb5 24. Rf2 Qd7 25. Nd4 Qg4+ 26. Kh2 Qxh4+ 27. Kg1 Bc4 28.
Rg2 Qxe1+ 29. Bxe1 Bxc5 30. Bf2 Rfc8 31. e6 fxe6 32.
Nxe6 Bxf2+ 33. Rxf2 Bb3 34. f5 gxf5 35. Rxf5 Rc3 36.
Raf1 Rg3+ 37. Kh2 Rg4 38. Rf8+ Rxf8 39. Rxf8+ Kh7 40. Rf5 d4 41. Nf8+ Kg7 42. g6 d3 43.
Rf7+ Bxf7 44. gxf7 Kxf8 45. Kh3 Rg1 0-1

[Event "Late-Titled-Tuesday-Blitz-June-04-2024"]
[Site "Chess.com"]
[Date "2024.06.04"]
[Round "11"]
[White "Onischuk_V"]
[Black "jinbojinbo"]
[Result "0-1"]
[WhiteElo "2860"]
[BlackElo "2719"]
[TimeControl "180+1"]
[EndTime "16:05:36 PDT"]
[Termination "jinbojinbo won by resignation"]

1. e4 e5 2. Nf3 Nc6 3. Bc4 Bc5 4. c3 Nf6 5. d3 d6 6. Nbd2 a6 7. Bb3 Ba7 8. O-O O-O 9. h3 h6 10. Re1 Re8 11. Nf1 Ne7 12. Ng3 Ng6 13. d4 c6 14. Be3 Be6 15. Bc2 Qc7 16. Qd2 Rad8 17. Rad1 b5 18. Qc1 Kh7 19. Nf5 Bxf5 20. exf5 Nf8 21.
g4 e4 22. g5 Nd5 23. gxh6 exf3 24. hxg7 Nd7 25. f6+ Kg8 26. Bg5 Qc8 27. Kh2 Rxe1 28. Rxe1 Re8 29. Re4 Rxe4 30. Bxe4 Qe8 31. Bxd5 cxd5 32.
Qf4 Qe4 33. Qxd6 Bb8 0-1

[Event "Late-Titled-Tuesday-Blitz-June-04-2024"]
[Site "Chess.com"]
[Date "2024.06.04"]
[Round "11"]
[White "manitodeplomo"]
[Black "cthulhuuu"]
[Result "1-0"]
[WhiteElo "2632"]
[BlackElo "2449"]
[TimeControl "180+1"]
[EndTime "16:05:36 PDT"]
[Termination "manitodeplomo won on time"]

1. d4 Nf6 2. c4 e5 3. dxe5 Ng4 4. e3 Nxe5 5. Nc3 Bb4 6. Ne2 a5 7. a3 Bc5 8. Nf4 O-O 9. Be2 d6 10. O-O c6 11. b3 Bf5 12. Bb2 Nbd7 13. Na4 Qg5 14. Nxc5 dxc5 15. Qd6 Be4 16. f3 Bc2 17. Bd1 Bxd1 18. Raxd1 a4 19. b4 cxb4 20. axb4 a3 21. Bc3 Nxc4 22. Qxd7 Nxe3 23. Qd4 Nxd1 24. h4 Qh6 25.
Rxd1 a2 26. Nh5 f6 27. g4 Qg6 28. Ng3 Qf7 29. Nf5 Qd5 30. Ne7+ Kh8 31. Nxd5 cxd5 32.
Qxd5 h6 33. Ra1 Rfd8 34. Rxa2 1-0

[Event "Late-Titled-Tuesday-Blitz-June-04-2024"]
[Site "Chess.com"]
[Date "2024.06.04"]
[Round "11"]
[White "rhungaski"]
[Black "Chaubunagungamaug1"]
[Result "1-0"]
[WhiteElo "2619"]
[BlackElo "2461"]
[TimeControl "180+1"]
[EndTime "16:05:37 PDT"]
[Termination "rhungaski won by checkmate"]

1. Nf3 Nf6 2. c4 c6 3. d4 d5 4. cxd5 cxd5 5. Nc3 Nc6 6. Bf4 a6 7. Rc1 Bg4 8. Ne5 Bf5 9. e3 Qb6 10. Bd3 Bxd3 11. Qxd3 e6 12. Nxc6 bxc6 13. O-O Be7 14.
Na4 Qb5 15. Qc2 Rc8 16. Bg5 Ne4 17. Bxe7 Kxe7 18. f3 Nd6 19. b3 f6 20. Qf2 Kf7 21. Rc2 Rhd8 22. Rfc1 Rd7 23. Nc5 Rdc7 24. Qh4 Nf5 25.
Qh3 Re7 26. Re1 h6 27. Nxe6 Qd3 28. Rxc6 Rxc6 29. Nd8+ Kg8 30. Nxc6 Rxe3 31. Rf1 Nxd4 32. Qc8+ Kh7 33. Nxd4 Qxd4 34. Qc2+ Rd3+ 35. Kh1 Kh8 36. Re1 Rd2 37. Re8# 1-0